 Dungeon Crawl Stone Soup version 0.29.1-2-gbd0b4ee654 (webtiles) character file.

Game seed: 4794462142462700461

318 qeuew the Ducker (level 6, 0/48 HPs)
             Began as a Merfolk Gladiator on Nov 15, 2022.
             Killed by divine providence
             ... invoked by an orc priest
              (12 damage)
             ... on level 4 of the Dungeon.
             The game lasted 00:05:25 (2966 turns).

qeuew the Ducker (Merfolk Gladiator)                Turns: 2966, Time: 00:05:27

Health: 0/48       AC:  8    Str: 15    XL:     6   Next: 45%
Magic:  6/6        EV: 13    Int: 11    God:
Gold:   201        SH:  0    Dex: 17    Spells: 5/5 levels left

rFire   . . .      SeeInvis .   a - +1 trident (vamp)
rCold   . . .      Faith    .   (no shield)
rNeg    . . .      Spirit   .   k - +0 ring mail
rPois   .          Reflect  .   (helmet restricted)
rElec   .          Harm     .   b - +2 cloak
rCorr   .          Rampage  .   (no gloves)
Will    .....                   (no boots)
Stlth   ++........              o - amulet of regeneration
HPRegen 0.96/turn               (no ring)
MPRegen 0.10/turn               (no ring)

@: no status effects
A: (nimble swimmer 2), mertail, beak, thin skeletal structure 1, clever 1
a: no special abilities


You were on level 4 of the Dungeon.
You visited 1 branch of the dungeon, and saw 4 of its levels.

You collected 201 gold pieces.

Inventory:

Hand Weapons
 a - a +1 vampiric trident (weapon)
Missiles
 d - 2 throwing nets (quivered)
 e - a javelin
Armour
 b - a +2 cloak (worn)
 c - a +0 helmet
 k - a +0 ring mail (worn)
Jewellery
 o - an amulet of regeneration (around neck)
Scrolls
 g - a scroll of teleportation {unknown}
Potions
 f - 2 potions of haste
 i - 4 potions of curing
 p - a potion of cancellation


   Skills:
 + Level 3.7 Fighting
 + Level 5.4 Polearms
 + Level 3.3 Throwing
 + Level 1.8 Armour
 + Level 5.5 Dodging


You had 5 spell levels left.
You didn't know any spells.
Your spell library contained the following spells:

 Spells                   Type           Power      Damage    Failure   Level
 Apportation              Tloc           0%         N/A       56%         1
 Necrotise                Necr           0%         1d4       56%         1
 Summon Small Mammal      Summ           0%         N/A       56%         1


Dungeon Overview and Level Annotations

Branches:
Dungeon (4/15)
 Temple: D:4-7

Altars:
Kikubaaqudgha


Innate Abilities, Weirdness & Mutations

((You are very nimble when in or above water. (Stealth+, EV+, Speed+++)))
Your lower body shifts to a powerful aquatic tail in water.
You have a beak for a mouth.
You have a somewhat thin skeletal structure. (Dex +2, Stealth+)
Your mind is acute. (Int +4, Str/Dex -1)


Message History

Blork the orc grins evilly.
Blork the orc looks encouraged for a moment.
The orc barely misses you.
You puncture Blork the orc!
Blork the orc is severely wounded.
Blork the orc barely misses you. Blork the orc closely misses you.
The orc closely misses you.
The orc priest casts a cantrip, but nothing happens.
You hit Blork the orc.
You feel better.
Your peck misses Blork the orc.
Blork the orc is almost dead.
Blork the orc casts a spell at you. The puff of flame hits you.
The orc closely misses you.
Blork the orc points at you and mumbles some strange words.
The puff of flame hits you.
You closely miss Blork the orc.
Blork the orc is almost dead.
Blork the orc hits you with a +0 short sword!
The orc hits you with a +0 club.
The orc priest looks braver for a moment.
You hit Blork the orc.
Blork the orc is almost dead.
Blork the orc closely misses you. The orc hits you with a +0 club.
Blork the orc hits you with a +0 short sword.
* * * LOW HITPOINT WARNING * * *
You puncture Blork the orc!
You feel better.
You kill Blork the orc!
The orc priest invokes the aid of Beogh against you.
You barely resist. You hit the orc but do no damage. You peck the orc.
The orc is heavily wounded.
The orc barely misses you.
The orc hits you with a +2 war axe of electrocution.
* * * LOW HITPOINT WARNING * * *
You hit the orc.
You feel better.
The orc is moderately wounded.
The orc hits you with a +0 club.
* * * LOW HITPOINT WARNING * * *
The orc priest invokes the aid of Beogh against you.
Beogh smites you!
You die...

...........#
...........# #..
..........)###...
.......))........
#..........
#..........
##o........
#o#.......
#@o####.. ##.# #
#.## ##.# #.##
#..# ##.## #..#
##.#


You could see an orc priest and 2 orcs.

Vanquished Creatures
  Blork the orc (D:4)
  A scorpion (D:3)
  A hound (D:3)
  An orc priest (D:3)
  An orc wizard (D:3)
  A gnoll (D:1)
  4 adders
  2 dart slugs
  5 orcs
  6 endoplasms
  2 giant cockroaches (D:1)
  5 goblins
  2 hobgoblins (D:3)
  3 jackals (D:1)
  A quokka (D:3)
  5 ball pythons
  9 bats
  3 frilled lizards
  3 kobolds
  3 rats
59 creatures vanquished.

Notes
Turn   | Place    | Note
-------+----------+-------------------------------------------
     0 | D:1      | qeuew the Merfolk Gladiator began the quest for the Orb.
     0 | D:1      | Reached XP level 1. HP: 16/16 MP: 1/1
   119 | D:1      | Reached XP level 2. HP: 8/23 MP: 2/2
   817 | D:1      | Reached XP level 3. HP: 28/28 MP: 3/3
  1173 | D:2      | Found a faded altar of an unknown god.
  1714 | D:2      | Found an ancient bone altar of Kikubaaqudgha.
  1811 | D:2      | Reached XP level 4. HP: 32/34 MP: 4/4
  1944 | D:2      | Gained mutation: You are somewhat resistant to further
                  | mutation. [potion of mutation]
  1944 | D:2      | Gained mutation: You expend magic power (3 MP) to
                  | strengthen your wands. [potion of mutation]
  1945 | D:2      | Lost mutation: You expend magic power (3 MP) to strengthen
                  | your wands. [potion of mutation]
  1945 | D:2      | Lost mutation: You are somewhat resistant to further
                  | mutation. [potion of mutation]
  1945 | D:2      | Gained mutation: Armour fits poorly on your strangely
                  | shaped body. [potion of mutation]
  1945 | D:2      | Gained mutation: Your spells are a little easier to cast,
                  | but a little less powerful. [potion of mutation]
  1945 | D:2      | Lost mutation: Your spells are a little easier to cast, but
                  | a little less powerful. [potion of mutation]
  1945 | D:2      | Gained mutation: Your mind is acute. (Int +4, Str/Dex -1)
                  | [potion of mutation]
  1946 | D:2      | Lost mutation: Armour fits poorly on your strangely shaped
                  | body. [potion of mutation]
  1946 | D:2      | Lost mutation: Your mind is acute. (Int +4, Str/Dex -1)
                  | [potion of mutation]
  1946 | D:2      | Gained mutation: Your mind is acute. (Int +4, Str/Dex -1)
                  | [potion of mutation]
  1946 | D:2      | Gained mutation: You have a somewhat thin skeletal
                  | structure. (Dex +2, Stealth+) [potion of mutation]
  1946 | D:2      | Gained mutation: You have a beak for a mouth. [potion of
                  | mutation]
  1991 | D:3      | Noticed a scorpion
  1998 | D:3      | Killed a scorpion
  1999 | D:3      | Reached skill level 1 in Armour
  1999 | D:3      | Reached XP level 5. HP: 32/41 MP: 5/5
  2069 | D:3      | Reached skill level 5 in Dodging
  2189 | D:3      | Identified the +10 short sword "Ketieretu" {spect, Int+2
                  | Dex+3}
  2257 | D:3      | Reached skill level 5 in Polearms
  2591 | D:3      | Reached XP level 6. HP: 41/47 MP: 6/6
  2944 | D:4      | Noticed Blork the orc
  2964 | D:4      | Killed Blork the orc
  2966 | D:4      | Killed from afar by an orc priest

Illustrated notes

Levels and vault maps discovered:
D:1:      lightli_arrival_maybe_door_vault, layout_loops_corners,
          dreamdust_mushroom_princess
D:2:      cheibrodos_helix_gallery, layout_loops_ring,
          hellmonk_ecumenical_altar_leap_of_faith, basic_altar,
          minmay_small_reverse_x
D:3:      layout_loops_cross, minmay_cut_off
D:4:      layout_cave_pods, minmay_temple_entry_junction, uniq_blork_the_orc,
          uniq_robin, uniq_pikel

Skill      XL: |  1  2  3  4  5 |
---------------+----------------+-----
Fighting       | 3 |  3.7
Armour         | 1 |  1.8
Dodging        | 5 |  5.5
Polearms       | 5 |  5.4
Throwing       | 3 |  3.3

Action                   |  1- 3 |  4- 6 || total
-------------------------+-------+-------++-------
Melee: Trident           |   106 |    87 ||   193
       Punch             |     1 |     1 ||     2
       Peck              |       |    17 ||    17
Throw: Throwing net      |     2 |       ||     2
  Use: Scroll            |     2 |     7 ||     9
       Potion            |     1 |     5 ||     6
 Stab: Sleeping          |     1 |     9 ||    10
Armor: Leather armour    |    34 |    14 ||    48
       Ring mail         |       |     4 ||     4
Dodge: Dodged            |    78 |    39 ||   117
